 Dungeon Crawl Stone Soup version 0.29.0-11-gd7f09526c8 (webtiles) character file.

Game seed: 13111923988371126861

807 SensoryNuts the Cudgeller (level 8, -3/61 HPs)
             Began as a Formicid Fighter on Sept 2, 2022.
             Slain by a killer bee (4 damage)
             ... on level 6 of the Dungeon.
             The game lasted 00:04:56 (4825 turns).

SensoryNuts the Cudgeller (Formicid Fighter)        Turns: 4825, Time: 00:04:57

Health: -3/61      AC:  8    Str: 28    XL:     8   Next: 14%
Magic:  8/8        EV: 10    Int: 12    God:
Gold:   177        SH:  5    Dex: 13    Spells: 7/7 levels left

rFire   . . .      SeeInvis +   m - +0 flail of Guilt {vorpal, Int+3}
rCold   . . .      Faith    .   c - +0 buckler
rNeg    . . .      Spirit   .   b - +0 scale mail
rPois   .          Reflect  .   (helmet unavailable)
rElec   .          Harm     .   j - +0 cloak
rCorr   .          Rampage  .   (no gloves)
Will    .....                   (no boots)
Stlth   ..........              (no amulet)
HPRegen 0.20/turn               n - +6 ring of strength
MPRegen 0.11/turn               (no ring)

@: no status effects
A: permanent stasis, dig shafts and tunnels, antennae 3, four strong arms
a: Dig, Shaft Self


You were on level 6 of the Dungeon.
You visited 2 branches of the dungeon, and saw 7 of its levels.

You collected 177 gold pieces.

Inventory:

Hand Weapons
 a - a +0 flail
 m - the +0 flail of Guilt (weapon) {vorpal, Int+3}
   (You found it on level 3 of the Dungeon)

   It inflicts extra damage upon your enemies.
   Int:       It affects your intelligence (+3).
Armour
 b - a +0 scale mail (worn)
 c - a +0 buckler (worn)
 j - a +0 cloak (worn)
Jewellery
 n - a +6 ring of strength (left hand)
 p - a ring of protection from fire
 r - a ring of wizardry
Wands
 i - a wand of iceblast (8)
Scrolls
 g - a scroll of noise
 k - 2 scrolls of amnesia
 l - 2 scrolls of teleportation
 o - a scroll of identify
 q - a scroll of poison
Potions
 d - a potion of lignification
 h - 4 potions of degeneration


   Skills:
 + Level 4.6 Fighting
 * Level 6.8 Maces & Flails
 + Level 5.2 Armour
 + Level 1.0 Dodging
 + Level 0.3 Stealth
 + Level 4.8 Shields


You had 7 spell levels left.
You didn't know any spells.
Your spell library contained the following spells:

 Spells                   Type           Power      Damage    Failure   Level
 Apportation              Tloc           0%         N/A       63%         1
 Beastly Appendage        Tmut           0%         N/A       63%         1
 Foxfire                  Conj/Fire      0%         2x1d4     63%         1
 Ensorcelled Hibernation  Hex/Ice        0%         N/A       77%         2
 Wereblood                Tmut           0%         N/A       77%         2
 Conjure Flame            Conj/Fire      0%         6-21      94%         3
 Inner Flame              Hex/Fire       0%         N/A       94%         3
 Spider Form              Tmut/Pois      0%         N/A       94%         3
 Anguish                  Hex/Necr       0%         N/A       100%        4
 Flame Wave               Conj/Fire      0%         2d4       100%        4
 Alistair's Intoxication  Tmut/Pois      0%         N/A       100%        5


Dungeon Overview and Level Annotations

Branches:
Dungeon (6/15)             Temple (1/1) D:4

Altars:
Cheibriados
Dithmenos
Elyvilon
Fedhas
Gozag
Hepliaklqana
Kikubaaqudgha
Makhleb
Nemelex Xobeh
Okawaru
Qazlal
Ru
Sif Muna
Trog
Uskayaw
Vehumet
Wu Jian
Zin
The Shining One

Shops:
D:1 ?


Innate Abilities, Weirdness & Mutations

You cannot be hasted, slowed, berserked, paralysed or teleported.
You can dig through walls and to a lower floor.
You have a pair of large antennae on your head. (SInv)
Your four strong arms can wield two-handed weapons with a shield.


Message History

* * * LOW HITPOINT WARNING * * *
You sock the killer bee!
You kill the killer bee!
* * * LOW HITPOINT WARNING * * *
You feel sick. The killer bee stings you.
* * * LOW HITPOINT WARNING * * *
You feel much better.
You feel sick. The killer bee stings you. The killer bee closely misses you.
You barely miss the killer bee.
You feel sick.
The killer bee stings you but does no damage. x2
You barely miss the killer bee.
You feel sick. The killer bee stings you.
You are more poisoned.
The killer bee poisons you! The killer bee barely misses you.
You miss the killer bee.
You feel sick. The killer bee stings you.
You are more poisoned.
The killer bee poisons you! The killer bee barely misses you.
You closely miss the killer bee.
* * * LOW HITPOINT WARNING * * *
You feel very sick. The killer bee stings you.
* * * LOW HITPOINT WARNING * * *
The killer bee stings you.
* * * LOW HITPOINT WARNING * * *
The killer bee closely misses you.
You feel better. The killer bee stings you.
* * * LOW HITPOINT WARNING * * *
The killer bee closely misses you.
You hit the killer bee but do no damage.
The killer bee stings you but does no damage.
The killer bee barely misses you.
You barely miss the killer bee. The killer bee barely misses you.
The killer bee closely misses you.
You barely miss the killer bee. The killer bee misses you.
The killer bee stings you!
* * * LOW HITPOINT WARNING * * *
You thump the killer bee!
The killer bee is almost dead.
The killer bee stings you but does no damage.
The killer bee stings you.
You die...

.# ##.# #... ...
#..# .. #..# ...
#.. #.# #y# #.#
#@####.#
#......##
#####...##
##.....##
##.......##
#.........#
+..(......+
#.........#
.>######.......##


You could see a killer bee.

Vanquished Creatures
  Grinder (D:5)
  Edmund (D:5)
  A sky beast (D:4)
  A black bear (D:5)
  A necrophage (D:4)
  2 killer bees (D:6)
  Crazy Yiuf (D:4)
  An iguana (D:4)
  4 gnolls (D:5)
  2 adders (D:2)
  4 dart slugs
  A worm (D:5)
  An orc (D:5)
  7 ball pythons
  5 endoplasms
  4 giant cockroaches
  9 goblins
  5 hobgoblins
  7 kobolds
  A quokka (D:1)
  10 bats
  A frilled lizard (D:2)
  10 rats
80 creatures vanquished.

Vanquished Creatures (others)
  A fungus (D:4)
1 creature vanquished.

Grand Total: 81 creatures vanquished

Notes
Turn   | Place    | Note
-------+----------+-------------------------------------------
     0 | D:1      | SensoryNuts the Formicid Fighter began the quest for the
                  | Orb.
     0 | D:1      | Reached XP level 1. HP: 18/18 MP: 1/1
   109 | D:1      | Reached XP level 2. HP: 19/24 MP: 2/2
   440 | D:1      | Found Heets's Magic Scroll Emporium.
   557 | D:1      | Reached XP level 3. HP: 28/29 MP: 3/3
  1277 | D:2      | Reached XP level 4. HP: 7/37 MP: 4/4
  1698 | D:2      | Reached skill level 3 in Maces & Flails
  2012 | D:2      | Found a faded altar of an unknown god.
  2346 | D:3      | Identified the +0 flail of Guilt {vorpal, Int+3}
  2632 | D:4      | Found a staircase to the Ecumenical Temple.
  2660 | Temple   | Entered the Ecumenical Temple
  2965 | D:4      | Noticed a sky beast
  2978 | D:4      | Killed a sky beast
  2979 | D:4      | Reached skill level 4 in Maces & Flails
  2979 | D:4      | Reached XP level 5. HP: 22/42 MP: 5/5
  3146 | D:4      | Reached XP level 6. HP: 40/48 MP: 6/6
  3338 | D:4      | Found a shimmering blue altar of Sif Muna.
  3380 | D:4      | Found a runed translucent door.
  3381 | D:4      | Noticed Crazy Yiuf
  3625 | D:4      | Killed Crazy Yiuf
  3626 | D:4      | Reached skill level 5 in Maces & Flails
  3778 | D:5      | Entered Level 5 of the Dungeon
  3818 | D:5      | Noticed Edmund
  3832 | D:5      | Killed Edmund
  3833 | D:5      | Reached XP level 7. HP: 25/54 MP: 7/7
  4009 | D:5      | Noticed Grinder
  4028 | D:5      | Killed Grinder
  4029 | D:5      | Reached skill level 6 in Maces & Flails
  4029 | D:5      | Reached skill level 5 in Armour
  4029 | D:5      | Reached skill level 1 in Dodging
  4423 | D:5      | Reached XP level 8. HP: 46/61 MP: 8/8
  4815 | D:6      | HP: 1/61 [killer bee (5)]
  4824 | D:6      | HP: 1/61 [killer bee (8)]
  4825 | D:6      | Slain by a killer bee

Illustrated notes

Levels and vault maps discovered:
D:1:      dpeg_arrival_ratfight, layout_basic, serial_shops, shop_scrolls
D:2:      layout_loops_ring, basic_ecumenical_altar, minmay_quadrilaterals
D:3:      layout_rooms, amcnicky_mini_corridor_feature
D:4:      layout_cave_pools, nicolae_sif_muna_condensation,
          minmay_temple_entry_trees, serial_park_tiny_2,
          nicolae_concentric_dashed_squares_mild, uniq_crazy_yiuf_cottage
D:5:      layout_loops_ring, uniq_grinder, uniq_edmund
D:6:      black_bear_nest_2, layout_loops_corners, uniq_blork_the_orc,
          uniq_prince_ribbit1
Temple:   nicolae_temple_two_arcs

Skill      XL: |  1  2  3  4  5  6  7 |
---------------+----------------------+-----
Maces & Flails | 4 5 6 |  6.8
Armour         | 4 5 |  5.2
Fighting       | 4 |  4.6
Dodging        | 1 |  1.0
Stealth        | |  0.3
Shields        | |  4.8

Action                   |  1- 3 |  4- 6 |  7- 9 || total
-------------------------+-------+-------+-------++-------
Melee: Flail             |   108 |   112 |    49 ||   269
 Abil: Dig               |     1 |       |       ||     1
  Use: Scroll            |       |     8 |     1 ||     9
       Potion            |       |     2 |     3 ||     5
Armor: Scale mail        |    51 |    42 |    14 ||   107
Dodge: Dodged            |    36 |    46 |    29 ||   111
Block: Buckler           |    29 |    18 |     2 ||    49
